 Dungeon Crawl Stone Soup version 0.24.0-7-gb3623d2c88 (webtiles) character file.

Game seed: 9766198404689376706, levelgen mode: deterministic

96 Aviak the Firebug (level 4, 0/30 HPs)
             Began as a Demonspawn Fire Elementalist on Nov 2, 2019.
             Slain by a bullfrog (2 damage)
             ... on level 3 of the Dungeon.
             The game lasted 00:04:08 (1988 turns).

Aviak the Firebug (Demonspawn Fire Elementalist)    Turns: 1988, Time: 00:04:09

Health: 0/30       AC:  3    Str:  8    XL:     4   Next: 41%
Magic:  2/7        EV: 13    Int: 18    God:
Gold:   139        SH:  0    Dex: 13    Spells: 7/8 levels left

rFire    . . .     SeeInvis .   h - +0 spear
rCold    . . .     Gourm    .   (no shield)
rNeg     . . .     Faith    .   a - +0 robe
rPois    .         Spirit   .   (no helmet)
rElec    .         Reflect  .   p - +0 cloak
rCorr    +         Harm     .   (no gloves)
MR       .....     Rnd*Tele +   (no boots)
Stlth    ++........             (no amulet)
HPRegen  0.10/turn              e - ring of teleportation (curse)
MPRegen  0.10/turn              g - ring of resist corrosion

@: no status effects
A: talons 2
a: no special abilities


You were on level 3 of the Dungeon.
You were hungry.

You visited 1 branch of the dungeon, and saw 3 of its levels.

You collected 139 gold pieces.

Inventory:

Hand Weapons
 h - a +0 spear (weapon)
Armour
 a - a +0 robe (worn)
 b - a +0 buckler
 i - a +0 pair of boots
 p - a +0 cloak (worn)
Jewellery
 e - a cursed ring of teleportation (left hand)
 g - a ring of resist corrosion (right hand)
Scrolls
 j - a scroll of magic mapping {unknown}
 k - a scroll of identify {unknown}
 n - a scroll of immolation {unknown}
 o - 3 scrolls of enchant weapon {unknown}
 q - 2 scrolls of fog {unknown}
 u - a scroll of teleportation {unknown}
 v - a scroll of amnesia {unknown}
Potions
 d - a potion of curing {unknown}
 f - a potion of magic {unknown}
 l - 2 potions of resistance {unknown}
 m - a potion of heal wounds {unknown}
 r - a potion of ambrosia {unknown}
 s - a potion of agility {unknown}
 t - a potion of mutation {unknown}
Comestibles
 c - 6 rations


   Skills:
 + Level 2.4 Dodging
 + Level 2.6 Stealth
 + Level 2.6 Spellcasting
 + Level 2.0 Conjurations
 + Level 3.2 Fire Magic


You had 7 spell levels left.
You knew the following spells:

 Your Spells              Type           Power        Failure   Level  Hunger
a - Flame Tongue          Conj/Fire      ##...        6%          1    #......

Your spell library contained the following spells:

 Spells                   Type           Power        Failure   Level  Hunger
 Throw Flame              Conj/Fire      ##....       9%          2    ##.....
 Beastly Appendage        Tmut           #.....       17%         1    #......
 Conjure Flame            Conj/Fire      ##......     17%         3    ###....
 Sticks to Snakes         Tmut           #.......     26%         2    ##.....
 Inner Flame              Hex/Fire       #.......     26%         3    ###....
 Spider Form              Tmut/Pois      #.........   45%         3    ###....
 Sticky Flame             Conj/Fire      ##......     50%         4    #####..
 Fireball                 Conj/Fire      ##........   85%         5    ######.
 Ice Form                 Ice/Tmut       #.......     86%         4    #####..
 Blade Hands              Tmut           #.........   99%         5    ######.


Dungeon Overview and Level Annotations

Branches:
Dungeon (3/15)

Altars:


Innate Abilities, Weirdness & Mutations

You have razor-sharp toenails.


Message History

You reach to attack!
You barely miss the worm.
The worm is almost dead.
Attack whom?
Press: ? - help, Dir - move target cursor, f/p - worm
Aim: a worm (severely wounded)
You reach to attack!
You hit the worm.
The worm is almost dead.
Evoke which item? (* to show all) (? for menu, Esc to quit)
Okay, then.
An orc priest comes into view. It is wielding a +0 dagger.
Found a stone staircase leading up.
A frilled lizard and a bullfrog come into view.
Found a trident, a ration and a sedimented cyan potion.
A worker ant and a goblin come into view.
The bullfrog croaks.
The bullfrog hits you but does no damage.
You closely miss the bullfrog.
The worker ant twitches its antennae in your direction.
The bullfrog hits you.
You die...

†...............#
..#.#########.#.#
..#.#########w#.#
........).....#w##
.#####.########..# ..
..... ##.# ...#.w.....
#.# ..#.#........
#.####'# .#._.#.......
#@..).%#
..#.#.!#.......F......#
.. # ..#.###..a.....!.#
#..........#
.......l.##.#
########'## .# g. . #.


You could see a bullfrog, a worm, a worker ant, a goblin (wandering) and a
frilled lizard.

Vanquished Creatures
  3 adders
  4 oozes
  A worm (D:2)
  A dart slug (D:1)
  An orc (D:3)
  2 ball pythons (D:1)
  2 bats
  2 giant cockroaches
  4 goblins
  4 hobgoblins
  7 jackals
  6 kobolds
  2 quokkas
  A frilled lizard (D:1)
  3 rats
43 creatures vanquished.

Notes
Turn   | Place    | Note
-------+----------+-------------------------------------------
     0 | D:1      | Aviak the Demonspawn Fire Elementalist began the quest for
                  | the Orb.
     0 | D:1      | Reached XP level 1. HP: 13/13 MP: 3/3
    68 | D:1      | Gained mutation: You have sharp toenails. [demonic
                  | ancestry]
    68 | D:1      | Reached XP level 2. HP: 19/19 MP: 1/5
   953 | D:2      | Reached skill level 3 in Fire Magic
   958 | D:2      | Reached XP level 3. HP: 24/24 MP: 0/6
  1442 | D:2      | Gained mutation: You have razor-sharp toenails. [demonic
                  | ancestry]
  1442 | D:2      | Reached XP level 4. HP: 24/30 MP: 4/7
  1944 | D:3      | Found a faded altar of an unknown god.
  1971 | D:3      | HP: 1/30 [worm (8)]
  1986 | D:3      | Noticed a bullfrog
  1988 | D:3      | Slain by a bullfrog

Levels and vault maps discovered:
D:1:      onia_arrival_handbag, layout_basic, minmay_pentomino_p4
D:2:      layout_loops_ring, first_ration
D:3:      layout_basic, chequers_ecumenical_altar_simple_redux

Skill      XL: |  1  2  3  4 |
---------------+-------------+-----
Stealth        | 2 |  2.6
Dodging        | 2 |  2.4
Fire Magic     | 3 |  3.2
Conjurations   | 2 |  2.0
Spellcasting   | |  2.6

Action                   |  1- 3 |  4- 6 || total
-------------------------+-------+-------++-------
Melee: Unarmed           |     2 |       ||     2
       Spear             |    74 |    34 ||   108
       Kick              |     1 |     3 ||     4
 Cast: Flame Tongue      |    26 |    20 ||    46
 Stab: Sleeping          |     3 |     1 ||     4
  Eat: Chunk             |     2 |     1 ||     3
Armor: Robe              |    14 |     5 ||    19
Dodge: Dodged            |    53 |    35 ||    88
